 Dungeon Crawl Stone Soup version 0.14.1 (webtiles) character file.

356 4tharraofdagon the Ruffian (level 6, -1/39 HPs)
             Began as a Gargoyle Monk on Apr 29, 2014.
             Was a Believer of Cheibriados.
             Slain by a shadow imp (4 damage)
             ... on Level 5 of the Dungeon.
             The game lasted 00:03:16 (518 turns).

4tharraofdagon the Ruffian (Gargoyle Monk)           Turns: 518, Time: 00:03:17

HP  -1/39        AC  6     Str 21      XL: 6   Next: 17%
MP   7/7         EV 13     Int 16      God: Cheibriados [**....]
Gold 96          SH  0     Dex 17      Spells:  0 memorised,  5 levels left

rFire  . . .     SeeInvis .       - Unarmed
rCold  . . .     Clarity  .     a - +0 robe
rNeg   + . .     Conserve .     (no shield)
rPois  +         rCorr    .     (no helmet)
rElec  +         rRot     +     (no cloak)
SustAb . .       Spirit   .     (no gloves)
rMut   .         Warding  .     (no boots)
Saprov . . .     Stasis   .     (no amulet)
MR     .....                    (no ring)
                                (no ring)

@: very slow, not resistant to hostile enchantments, fairly stealthy
A: life protection 1, electricity resistance, unbreathing, petrification
resistance, AC +4
a: Bend Time, Renounce Religion


You were on level 5 of the Dungeon.
You worshipped Cheibriados.
Cheibriados was pleased with you.
You were not hungry.

You visited 2 branches of the dungeon, and saw 5 of its levels.

You collected 96 gold pieces.

Inventory:

Hand weapons
 e - a +0 blowgun
Missiles
 f - 6 poisoned needles
Armour
 a - a +0 robe (worn)
Comestibles
 b - 2 bread rations
Scrolls
 c - a scroll of enchant weapon I {unknown}
 d - a scroll of random uselessness {unknown}
 j - a scroll of fear {unknown}
 k - a scroll of remove curse {unknown}
Potions
 h - a potion of degeneration {unknown}
 i - a potion of curing {unknown}


   Skills:
 + Level 4.5 Fighting
 + Level 3.0 Dodging
 - Level 2.1 Stealth
 * Level 6.4 Unarmed Combat
 + Level 1.9 Invocations


You had 5 spell levels left.
You didn't know any spells.

Dungeon Overview and Level Annotations

Branches:
Dungeon (5/15)             Temple (1/1) D:4

Altars:
Ashenzari
Cheibriados
Elyvilon
Fedhas
Makhleb
Xom
Yredelemnul
The Shining One


Innate Abilities, Weirdness & Mutations

You are resistant to torment.
You are immune to poison.
You are immune to rotting.
Your stone body is very resilient (AC +4).
You resist negative energy.
You are resistant to electric shocks.
You can survive without breathing.
You are immune to petrification.


Message History

Throwing (i - inventory):
g - a throwing net (quivered)
Press: ? - help, Shift-Dir - straight line, f - shadow imp
Aim: a shadow imp You throw a throwing net.
The throwing net misses the shadow imp.
The shadow imp gestures at you.
You barely resist.
Firing (i - inventory): No suitable missiles.
Press: ? - help, Shift-Dir - straight line, f/p - shadow imp
Aim: a shadow imp
Okay, then.
You hit the shadow imp.
The shadow imp is lightly wounded.
The goblin zombie hits you.
* * * LOW HITPOINT WARNING * * *
The shadow imp hits you.
* * * LOW HITPOINT WARNING * * *
You closely miss the shadow imp.
The shadow imp is lightly wounded.
The goblin zombie closely misses you. The shadow imp hits you.
You die...

#.....#.# #...........(.#
#?....#.# #.............
#.....#.########.............
#J.<...................######
#.....#.########.##....#
#######.# #.##....# ##.##
#.##....# #...#######.#####.#
#....z.z@5...()...#
#...#######.#####.. #...# #.#
#...# #.# #...# #...5...#
#...# #...[....... #...#
#..$....#### ##### #.......#
#........


You could see a shadow imp, a worm zombie and a goblin zombie.

Vanquished Creatures
  A scorpion (D:5)
  A jelly (D:5)
  An iguana (D:5)
  A hound (D:4)
  3 worker ants
  A shadow imp (D:5)
  An orc skeleton (D:5)
  A worm (D:5)
  An adder zombie (D:5)
  A ball python (D:2)
  2 bats
  2 giant cockroaches
  A goblin (D:5)
  4 hobgoblins
  2 jackals (D:5)
  A giant cockroach zombie (D:5)
  2 giant geckos
  A kobold (D:4)
  2 rats
29 creatures vanquished.

Notes
Turn   | Place    | Note
--------------------------------------------------------------
     0 | D:1      | 4tharraofdagon, the Gargoyle Monk, began the quest for the Orb.
     0 | D:1      | Reached XP level 1. HP: 14/14 MP: 1/1
    77 | D:1      | Reached XP level 2. HP: 8/19 MP: 2/2
    92 | D:2      | You fall through a shaft!
   110 | D:4      | Found a white marble altar of Elyvilon.
   163 | D:4      | Reached skill level 5 in Unarmed Combat
   163 | D:4      | Reached XP level 3. HP: 14/24 MP: 3/3
   183 | D:4      | Found a staircase to the Ecumenical Temple.
   192 | D:4      | Reached XP level 4. HP: 20/29 MP: 4/4
   206 | Temple   | Entered the Ecumenical Temple
   241 | Temple   | Became a worshipper of Cheibriados the Contemplative
   331 | D:5      | Entered Level 5 of the Dungeon
   355 | D:5      | Reached skill level 1 in Invocations
   355 | D:5      | Reached XP level 5. HP: 14/33 MP: 5/5
   370 | D:5      | Reached skill level 6 in Unarmed Combat
   515 | D:5      | Reached XP level 6. HP: 8/39 MP: 7/7
   518 | D:5      | Slain by a shadow imp

Action                   |  1- 3 |  4- 6 || total
-------------------------+-------+-------++-------
Melee: Unarmed           |    23 |    85 ||   108
 Fire: Blowgun           |    10 |       ||    10
Throw: Throwing net      |     2 |     3 ||     5
  Use: Potion            |     1 |     1 ||     2
 Stab: Sleeping          |     1 |       ||     1
       Held in net/web   |       |     1 ||     1
